 Dungeon Crawl Stone Soup version 0.32-a0-520-g344ed53f66 (webtiles) character file.

Game seed: 10692437088083614075

3729 javelincjr the Trooper (level 9, -15/71 HPs)
             Began as a Demonspawn Warper on Feb 27, 2024.
             Was a Believer of Beogh.
             Demolished by a freezing wraith (33 damage)
             ... on level 8 of the Dungeon.
             The game lasted 00:34:50 (6558 turns).

javelincjr the Trooper (Demonspawn Warper)          Turns: 6558, Time: 00:34:51

Health: -15/71     AC: 14    Str: 15    XL:     9   Next: 92%
Magic:  14/15      EV: 12    Int: 26    God:    Beogh [**....]
Gold:   457        SH:  0    Dex: 14    Spells: 4/17 levels left

rFire   + . .        r - +6 short sword of the Scavenger {speed, *Rage rC- Int+7 Stlth+}
rCold   x . .        (no shield)
rNeg    . . .        A - +0 ring mail "Voffitz" {Stlth+}
rPois   .            R - +1 hat
rElec   .            (no cloak)
rCorr   .            (no gloves)
SInv    .            (no boots)
Will    .....        (no amulet)
Stlth   ++++         t - +6 ring of intelligence
HPRegen 0.31/turn    y - +4 ring of protection
MPRegen 0.14/turn

%: random rage (20%)
@: slowed, wreathed by umbra, very slow
A: molten scales 3, demonic touch 1, foul shadow 2
a: Renounce Religion, Smiting


You were on level 8 of the Dungeon.
You worshipped Beogh.
Beogh was pleased with you.
You visited 1 branch of the dungeon, and saw 8 of its levels.

You collected 614 gold pieces.
You spent 157 gold pieces at shops.

Inventory:

Hand Weapons
 a - a +1 sling of freezing
 b - a +0 spear
 r - the +6 short sword of the Scavenger (weapon) {speed, *Rage rC- Int+7 Stlth+}
   (You found it on level 2 of the Dungeon)

   Int+7:     It affects your intelligence (+7).
   rC-:       It makes you vulnerable to cold.
   *Rage:     It berserks you when you make melee attacks (+20% chance).
   Stlth+:    It makes you more stealthy.
 S - a -3 demon trident
 Y - a +2 trident of draining
Missiles
 d - 7 darts of dispersal
 C - 3 atropa-tipped darts
 D - 4 boomerangs (quivered)
 H - 12 poisoned darts
Armour
 f - a +0 scale mail
 j - a +0 leather armour
 m - a +0 helmet
 q - a +0 ring mail
 A - the +0 ring mail "Voffitz" (worn) {Stlth+}
   (You found it on level 3 of the Dungeon)

   Stlth+:    It makes you more stealthy.
 F - a +2 leather armour of poison resistance
 R - a +1 hat (worn)
 Z - an orb of energy
Jewellery
 n - a ring of willpower
 t - a +6 ring of intelligence (left hand)
 y - a +4 ring of protection (right hand)
 L - a ring of resist corrosion
 M - a ring of protection from cold
 W - a ring of positive energy
Talismans
 v - a flux talisman
 P - a beast talisman
Wands
 N - a wand of warping (5)
 X - a wand of paralysis (9)
Scrolls
 c - 2 scrolls of blinking
 h - 2 scrolls of enchant armour {unknown}
 l - 2 scrolls of amnesia {unknown}
 p - a scroll of noise {unknown}
 s - a scroll of acquirement {unknown}
 u - 3 scrolls of teleportation
 x - 2 scrolls of fog {unknown}
 B - a scroll of revelation {unknown}
 I - a scroll of vulnerability {unknown}
 O - a scroll of brand weapon {unknown}
 T - a scroll of enchant weapon {unknown}
 V - a scroll of fear {unknown}
Potions
 e - 3 potions of curing
 g - 3 potions of might
 i - 2 potions of invisibility
 k - 3 potions of berserk rage
 o - 3 potions of enlightenment
 w - a potion of resistance {unknown}
 z - 2 potions of attraction {unknown}
 E - 3 potions of mutation
 G - a potion of haste {unknown}
 J - 2 potions of heal wounds
 K - 2 potions of magic
 Q - 2 potions of cancellation
 U - a potion of lignification {unknown}


   Skills:
 * Level 6.8 Fighting
 + Level 4.0 Short Blades
 - Level 2.0 Polearms
 - Level 0.8 Throwing
 + Level 4.2 Armour
 + Level 4.4 Dodging
 + Level 4.0 Stealth
 + Level 4.6 Spellcasting
 * Level 6.6 Translocations
 + Level 4.2 Invocations


You had 4 spell levels left.
You knew the following spells:

 Your Spells              Type           Power      Damage    Failure   Level
a - Blink                 Tloc           80%        N/A       1%          2
b - Lesser Beckoning      Tloc           80%        N/A       1%          2
c - Teleport Other        Tloc           40%        N/A       3%          3
d - Momentum Strike       Conj/Tloc      46%        3d9       6%          2
e - Manifold Assault      Tloc           40%        N/A       10%         4

Your spell library contained the following spells:

 Spells                   Type           Power      Damage    Failure   Level
 Searing Ray              Conj           12%        2d4       22%         2
 Vhi's Electric Charge    Tloc/Air       46%        N/A       36%         4
 Mephitic Cloud           Conj/Alch/Air  6%         N/A       41%         3
 Ignite Poison            Fire/Alch      6%         N/A       83%         4
 Petrify                  Alch/Erth      6%         N/A       83%         4
 Irradiate                Conj/Alch      3%         3d12      99%         5
 Eringya's Noxious Bog    Alch           3%         4d6       100%        6
 Chain Lightning          Conj/Air       3%         3d4       100%        9


Dungeon Overview and Level Annotations

Branches:
Dungeon (8/15)             Temple (0/1) D:4
   Lair: D:8-11

Altars:
Cheibriados
Fedhas
Gozag
Makhleb
Uskayaw
Wu Jian
Beogh

Shops:
D:7 *!


Innate Abilities, Weirdness & Mutations

Your facial features look somewhat orcish.
You are completely covered in molten scales. (AC +4, rF+)
Your touch may inflict minor irresistible damage on your foes.
You are shadowed, sometimes releasing foul flame when damaged in melee.


Message History

You puncture the freezing wraith! Your touch misses the freezing wraith.
The freezing wraith is almost destroyed.
You hit the freezing wraith.
You destroy the freezing wraith!
Beogh accepts your kill.
Your Stealth skill increases to level 4!
You barely miss the freezing wraith. Your touch misses the freezing wraith.
The freezing wraith misses you. The freezing wraith hits you.
The freezing wraith drains your vigour!
You feel as though you will be slow longer.
You hit the freezing wraith.
The freezing wraith is lightly damaged.
The freezing wraith closely misses you.
The freezing wraith completely misses you.
You hit the freezing wraith but do no damage.
The freezing wraith hits you but does no damage.
The freezing wraith hits you.
You hit the freezing wraith.
You touch the freezing wraith!
The freezing wraith is moderately damaged.
You hit the freezing wraith.
The freezing wraith is moderately damaged.
The freezing wraith hits you. The freezing wraith freezes you!!
You feel a terrible chill!
The freezing wraith resists.
The freezing wraith is seared by the foul flame within you.
The freezing wraith is heavily damaged.
The freezing wraith barely misses you.
You hit the freezing wraith but do no damage.
The freezing wraith is heavily damaged.
The freezing wraith hits you but does no damage.
The freezing wraith hits you. The freezing wraith drains your vigour!
You feel as though you will be slow longer.
The freezing wraith resists.
The freezing wraith is seared by the foul flame within you.
The freezing wraith is severely damaged.
You hit the freezing wraith.
The freezing wraith is severely damaged.
The freezing wraith hits you.
* * * LOW HITPOINT WARNING * * *
The freezing wraith freezes you!!
You feel a terrible chill!
You die...

#....#.### #........
#....#.#######
#............#
#..........#.#
###'#.####.#.#
#.#.####.#.#
#######.#......#.#
...........##..#@#
#.###......##..#W#######
#.# #......#..>.........
#.# #.....####''''######
#.# #######..........#
#.# ~.................
#.# ##......#~~#.......
#.# ~...##..~##~~#..##.
#.# #.. #..~# ##~..#


You could see a freezing wraith.

Vanquished Creatures
  Pikel (D:8)
  Jeremiah (D:8)
  A freezing wraith (D:8)
  An ice devil (D:8)
  Menkaure (D:4)
  A water moccasin (D:5)
  2 orc warriors (D:6)
  5 sky beasts
  A black bear (D:8)
  A centaur (D:5)
  4 lemures (D:8)
  A phantom (D:6)
  3 bullfrogs
  A gnoll sergeant (D:5)
  A scorpion (D:7)
  A vampire bat (D:4)
  4 hounds
  2 jellies
  4 orc priests
  4 sleepcaps
  7 orc wizards
  3 iguanas
  10 gnolls
  9 adders
  A shadow imp (D:5)
  2 white imps
  2 dart slugs
  3 fire bats (D:4)
  23 orcs
  2 spectral bats (D:4)
  13 ball pythons
  17 bats
  3 bat skeletons (D:4)
  A bat zombie (D:4)
  5 endoplasms
  6 giant cockroaches
  6 goblins
  12 hobgoblins
  A quokka (D:5)
  A bat simulacrum (D:4)
  2 frilled lizards
  13 kobolds
  6 rats
188 creatures vanquished.

Vanquished Creatures (others)
  An orc priest (D:4)
  6 orcs (D:6)
7 creatures vanquished.

Grand Total: 195 creatures vanquished

Notes
Turn   | Place    | Note
-------+----------+-------------------------------------------
     0 | D:1      | javelincjr the Demonspawn Warper began the quest for the
                  | Orb.
     0 | D:1      | Reached XP level 1. HP: 16/16 MP: 3/3
    62 | D:1      | Reached skill level 1 in Armour
    79 | D:1      | Gained mutation: You are partially covered in molten
                  | scales. (AC +2) [demonic ancestry]
    79 | D:1      | Reached XP level 2. HP: 6/22 MP: 5/5
   450 | D:1      | Gained mutation: You are mostly covered in molten scales.
                  | (AC +3) [demonic ancestry]
   450 | D:1      | Reached XP level 3. HP: 23/28 MP: 6/6
   889 | D:2      | Identified the +6 short sword of the Scavenger {speed,
                  | *Rage rC- Int+7 Stlth+}
  1095 | D:2      | Gained mutation: You are completely covered in molten
                  | scales. (AC +4, rF+) [demonic ancestry]
  1095 | D:2      | Reached XP level 4. HP: 34/34 MP: 7/7
  1422 | D:3      | Learned a level 2 spell: Blink
  1425 | D:3      | Learned a level 2 spell: Lesser Beckoning
  1435 | D:3      | Identified the +0 ring mail "Voffitz" {Stlth+}
  1872 | D:3      | Found an opulent altar of Gozag.
  1980 | D:3      | Gained mutation: You are faintly shadowed, very rarely
                  | releasing foul flame when damaged in melee. [demonic
                  | ancestry]
  1980 | D:3      | Reached XP level 5. HP: 41/41 MP: 8/8
  2364 | D:4      | Reached skill level 1 in Short Blades
  2473 | D:4      | Became a worshipper of Beogh the Shepherd
  2497 | D:4      | Got the Directory of Congelation
  2547 | D:4      | Reached XP level 6. HP: 47/47 MP: 10/10
  2631 | D:4      | Reached skill level 1 in Stealth
  2719 | D:4      | Found a staircase to the Ecumenical Temple.
  2770 | D:4      | Noticed a +0 dagger
  2770 | D:4      | Noticed a +0 short sword
  2771 | D:4      | Noticed a +0 falchion
  2772 | D:4      | Noticed a +0 dagger
  2782 | D:4      | Found a hide-covered altar of Uskayaw.
  2782 | D:4      | Noticed a +0 falchion
  2782 | D:4      | Noticed a +0 spear
  2783 | D:4      | Noticed a +0 short sword
  2786 | D:4      | Noticed a +0 spear
  2926 | D:4      | Reached * piety under Beogh
  2994 | D:4      | Noticed Menkaure
  3002 | D:4      | Killed Menkaure
  3003 | D:4      | Reached XP level 7. HP: 54/54 MP: 11/11
  3110 | D:5      | Entered Level 5 of the Dungeon
  3168 | D:5      | Identified the +0 robe "Wanos" {+Blink rElec}
  3417 | D:5      | Found a blossoming altar of Fedhas.
  3417 | D:5      | Found a snail-covered altar of Cheibriados.
  3418 | D:5      | Found a burning altar of Makhleb.
  3428 | D:5      | Found an ornate altar of the Wu Jian Council.
  3794 | D:5      | Gained mutation: You are shadowed, sometimes releasing foul
                  | flame when damaged in melee. [demonic ancestry]
  3794 | D:5      | Reached XP level 8. HP: 42/61 MP: 13/13
  4102 | D:6      | Learned a level 3 spell: Teleport Other
  4105 | D:6      | Learned a level 2 spell: Momentum Strike
  4110 | D:6      | Learned a level 4 spell: Manifold Assault
  4335 | D:6      | Reached skill level 5 in Fighting
  4335 | D:6      | Reached skill level 5 in Translocations
  4338 | D:6      | Reached ** piety under Beogh
  4455 | D:6      | Reached skill level 1 in Invocations
  4752 | D:6      | Got the Grimoire of Effulgent Fermentation
  4855 | D:6      | Found a runed translucent door.
  5198 | D:6      | HP: 3/64 [poisoned by an orc wizard]
  5429 | D:6      | Found a roughly hewn altar of Beogh.
  5529 | D:7      | Gained mutation: Your touch may inflict minor irresistible
                  | damage on your foes. [demonic ancestry]
  5529 | D:7      | Reached XP level 9. HP: 69/69 MP: 12/15
  5597 | D:7      | Found Olimavuda's Lightly-Used Armoury.
  5641 | D:7      | Bought a -3 demon trident for 1 gold piece
  6014 | D:7      | Found Acikiwk's Distillery.
  6019 | D:7      | Bought a potion of mutation for 96 gold pieces
  6019 | D:7      | Bought a potion of berserk rage for 60 gold pieces
  6158 | D:8      | Noticed Pikel
  6189 | D:8      | Killed Pikel
  6353 | D:8      | Noticed Jeremiah
  6361 | D:8      | Killed Jeremiah
  6406 | D:8      | Noticed an ice devil
  6424 | D:8      | Killed an ice devil
  6533 | D:8      | Found the +8 frozen axe "Frostbite" {freeze, freezing
                  | cloud, *Noise Fly rC+}
  6534 | D:8      | Noticed an ice devil
  6534 | D:8      | Noticed a freezing wraith
  6534 | D:8      | Noticed a freezing wraith
  6534 | D:8      | Noticed an ice devil
  6551 | D:8      | Killed a freezing wraith
  6558 | D:8      | Demolished by a freezing wraith

Illustrated notes

Levels and vault maps discovered:
D:1:      dpeg_arrival_erosion, layout_rooms, minmay_shallow_snake_nest
D:2:      layout_basic
D:3:      layout_rooms, old_standard_altar, serial_co_window_serial,
          co_window_corner_a, co_window_of_opportunity_a,
          co_window_of_opportunity_a, co_window_paths_a, co_window_cross_1,
          co_window_corner_a, co_window_corner_a, co_window_corner_a,
          co_window_corner_a, co_window_corner_b, co_window_broadway_b,
          co_window_paths_c, co_window_corner_b, co_window_corner_b,
          glass_columns_a, glass_columns_c, glass_columns_a, glass_columns_a
D:4:      layout_cave_pools, mainiacjoe_overflow_surrounded_room,
          nicolae_uskayaw_en_pointe, minmay_temple_entry_offerings,
          goddamned_bats, uniq_menkaure
D:5:      layout_loops_corners, nicolae_overflow_macrodata_refinement
D:6:      layout_basic, lightli_church_of_beogh
D:7:      layout_cave_pools, serial_shops, kennysheep_little_box,
          minmay_shop_damaged
D:8:      layout_basic, special_room [special_room_orc], corner_web_ring,
          serial_park_tiny_pond, hellmonk_guarded_unrand_frostbite,
          uniq_jeremiah, uniq_pikel

Skill      XL: |  1  2  3  4  5  6  7  8  9 |
---------------+----------------------------+-----
Armour         | 1 2 3 4 |  4.2
Polearms       | 2 |  2.0
Translocations | 3 4 5 6 |  6.6
Dodging        | 2 3 4 |  4.4
Fighting       | 3 4 5 6 |  6.8
Short Blades   | 1 2 3 4 |  4.0
Stealth        | 1 2 3 4 |  4.0
Spellcasting   | 3 4 |  4.6
Invocations    | 2 4 |  4.2
Throwing       | |  0.8

Action                     |  1- 3 |  4- 6 |  7- 9 || total
---------------------------+-------+-------+-------++-------
  Melee: Spear             |    64 |       |       ||    64
         Short sword       |    16 |   178 |   283 ||   477
         Unarmed           |       |     3 |       ||     3
         Touch             |       |       |    14 ||    14
   Fire: Sling             |    76 |       |       ||    76
  Throw: Boomerang         |       |     5 |     4 ||     9
   Cast: Blink             |       |       |     3 ||     3
         Momentum Strike   |       |       |     4 ||     4
         Lesser Beckoning  |       |       |     3 ||     3
         Manifold Assault  |       |       |     3 ||     3
 Invoke: Convert to Beogh  |       |     1 |       ||     1
         Smiting           |       |       |     1 ||     1
    Use: Potion            |       |       |     3 ||     3
         Scroll            |       |       |     7 ||     7
   Stab: Sleeping          |       |     5 |    10 ||    15
         Distracted        |       |     3 |       ||     3
 Armour: Leather armour    |    57 |       |       ||    57
         Ring mail         |    18 |    91 |   131 ||   240
  Dodge: Dodged            |    71 |   122 |    79 ||   272

Table legend: (Time is in decaauts)
 A = Elapsed time spent in this place.
 B = Non-inter-level travel time spent in this place.
 C = Inter-level travel time spent in this place.
 D = Time resting spent in this place.
 E = Time spent auto-exploring this place.
 F = Levels seen in this place.
 G = Mean time per level.
                   A        B        C        D        E       F      G
               +--------+--------+--------+--------+--------+-----+--------+
         Total |   6757 |   6559 |    198 |    291 |   4671 |   8 |  844.6 |
       Dungeon |   6757 |   6559 |    198 |    291 |   4671 |   8 |  844.6 |
               +--------+--------+--------+--------+--------+-----+--------+

Top non-repeatable levels by time:
     D:6: 1460 daAuts
     D:3: 1023 daAuts
     D:5: 979 daAuts
     D:4: 795 daAuts
     D:1: 736 daAuts
     D:2: 690 daAuts
     D:7: 566 daAuts
     D:8: 506 daAuts
